[Event "AUT Bundesliga 2022-23"]
[Site "Jenbach"]
[Date "2022.11.04"]
[Round "2.21"]
[White "Atlas, Valery"]
[Black "Krassowizkij, Jaroslaw"]
[Result "1/2-1/2"]
[ECO "C54"]
[WhiteElo "2412"]
[BlackElo "2439"]
[Annotator "TA"]
[PlyCount "47"]
[EventDate "2022.11.03"]
[EventType "team-tourn"]
[EventCountry "AUT"]
[SourceTitle "playchess.com"]
[Source "ChessBase"]
[SourceQuality "1"]
[TimeControl "40/5400+30:1800+30"]

1. e4 {[%emt 0:00:05] Huebner,R} e5 2. Nf3 Nc6 3. Bc4 Bc5 4. c3 Nf6 5. d3 d6 6. O-O O-O 7. Re1 {[%emt 0:02:35] 7.Nbd2 is setting a new trend.} a5 {[%emt 0:00:11] C54: Giuoco Piano: 4 c3 Nf6, main lines with 5 d4 and 5 d3.} 8. Bg5 h6 9. Bh4 g5 {[%emt 0:00:06] White is slightly better.} 10. Bg3 Nh7 11. d4 Bb6 12. dxe5 h5 {[%emt 0:00:29] [#] Hoping for ...h4.} 13. h4 $1 ({Much worse is} 13. exd6 h4 14. Be5 g4 15. dxc7 Qxd1 16. Rxd1 gxf3 $11) 13... Bg4 14. Nbd2 {[%emt 0:04:22] The position is equal.} Nxe5 {[%emt 0:00:51] White must now prevent ...gxh4.} 15. Be2 ({Of course not} 15. Bxe5 dxe5 16. Nf1 Qxd1 17. Rexd1 Bxf3 18. gxf3 gxh4 $15) 15... Nxf3+ 16. Nxf3 {[%emt 0:00:17] [#]} Re8 $146 ({Predecessor:} 16... Bxf3 17. Bxf3 gxh4 18. Bh2 h3 19. e5 Qh4 20. Qd2 dxe5 21. Rxe5 Rad8 22. Qe2 Ng5 23. Bxb7 {0-1 (50) Van Foreest,J (2612)-Ding,L (2813) Wijk aan Zee 2019 CBM 188 [Huebner,R]}) 17. Qd2 Bxf3 18. Bxf3 gxh4 19. Bf4 Qf6 20. Bxh5 Qg7 21. Bh6 {[%emt 0:00:34] A strong pair of Bishops.} Qf6 22. Bf4 {[%emt 0:04:40] Prevents Re5.} Qg7 23. Bh6 Qf6 24. Bf4 {Inhibits Re5.  Weighted Error Value: White=0.03 (flawless) /Black=0.02 (flawless)} 1/2-1/2

[Event "AUT Bundesliga 2022-23"]
[Site "Jenbach"]
[Date "2022.11.04"]
[Round "2.22"]
[White "Richter, Nils"]
[Black "Brunner, Nicolas"]
[Result "1/2-1/2"]
[ECO "E04"]
[WhiteElo "2395"]
[BlackElo "2448"]
[Annotator "TA"]
[PlyCount "81"]
[EventDate "2022.11.03"]
[EventType "team-tourn"]
[EventCountry "AUT"]
[SourceTitle "playchess.com"]
[Source "ChessBase"]
[SourceQuality "1"]
[TimeControl "40/5400+30:1800+30"]

1. d4 Nf6 2. c4 e6 3. g3 d5 4. Bg2 dxc4 5. Nf3 a6 6. O-O Nc6 7. Nbd2 {[%emt 0:00:37][%mdl 1024] White has compensation. E04: Open Catalan: 5 Nf3.} b5 8. b3 c3 {[%emt 0:00:36] Inhibits Bb2.} (8... Nxd4 9. Ne5 Nd5 10. e3 $16) 9. Nb1 {[%emt 0:00:18] [#] And now Ne5 would win.} b4 $1 {[%emt 0:00:32] Threatens to win with ...Bb7.} 10. a3 Rb8 11. axb4 Bxb4 12. Qd3 e5 $132 {[%emt 0:07:15][%mdl 2048] Black is fighting back} 13. Nxe5 (13. Nxc3 {is interesting.} exd4 14. Na4 O-O 15. Bb2) 13... Nxe5 (13... Nxd4 14. e3 (14. Nc6 Nxc6 15. Bxc6+ Bd7 $11) 14... Ne6 15. Qc2 $14 (15. Qc4 Qd6 $14)) 14. dxe5 Qxd3 15. exd3 Nd7 16. d4 {[%emt 0:12:54] Prevents Nc5.} O-O 17. Na3 c5 18. Nc2 ({Don't play} 18. Be3 cxd4 19. Bxd4 Nc5 $17) 18... cxd4 19. Nxd4 {[%emt 0:01:36] Nc6 is the strong threat.} Bc5 20. Be3 Nxe5 21. Ra5 Bxd4 (21... Nd3 $15 22. Be4 Bb6) 22. Bxd4 $11 Nd3 {[%emt 0:06:23] [#] Hoping for ...c2.} 23. Bxc3 {[%emt 0:04:55] A strong pair of Bishops.} Rxb3 24. Bd4 Rd8 25. Be3 Nb4 26. h4 Bg4 27. Rc1 h6 28. Be4 Be6 29. Kh2 Rb2 30. Kg1 Ra2 31. Rxa2 Nxa2 32. Rc7 a5 33. Ra7 Nc3 34. Bc2 {[%emt 0:00:13] Prevents Rd1+. The position is equal.} a4 35. Bxa4 Nxa4 36. Rxa4 {[%emt 0:00:03] KRB-KRB} Rd1+ 37. Kh2 Bd5 38. g4 $1 Rh1+ 39. Kg3 Rg1+ 40. Kf4 Be6 {[%emt 0:00:00] [#]} 41. Ke4 $146 {Weighted Error Value: White=0.05 (flawless) /Black=0.05 (flawless)} (41. Ra8+ $11 {and White is okay.} Kh7 42. f3) ({Predecessor:} 41. Kf3) 1/2-1/2

[Event "AUT Bundesliga 2022-23"]
[Site "Jenbach"]
[Date "2022.11.04"]
[Round "2.23"]
[White "Breder, Dennis"]
[Black "Deuer, Marius"]
[Result "1-0"]
[ECO "B13"]
[WhiteElo "2450"]
[BlackElo "2326"]
[Annotator "TA"]
[PlyCount "173"]
[EventDate "2022.11.03"]
[EventType "team-tourn"]
[EventCountry "AUT"]
[SourceTitle "playchess.com"]
[Source "ChessBase"]
[SourceQuality "1"]
[TimeControl "40/5400+30:1800+30"]

1. e4 c6 2. d4 d5 3. exd5 cxd5 4. Bd3 Nc6 5. c3 Qc7 6. Na3 {[%emt 0:01:12][%cal Bb1a3,Ba3c2,Bc2e3][%mdl 32] B13: Caro-Kann: Exchange Variation and Panov-Botvinnik Attack.} a6 7. Nc2 Nf6 8. h3 {[%emt 0:00:10] The position is equal.} g6 9. Ne2 Bf5 10. Bxf5 gxf5 11. Bf4 Qd7 12. Ne3 e6 {[%emt 0:06:27] [#]} 13. Ng3 $146 (13. g4 $1 $16) ({Predecessor:} 13. g4 fxg4 14. hxg4 Bd6 15. Qd3 O-O-O 16. O-O-O Ne4 17. Rh2 Bxf4 18. Nxf4 Qc7 19. Nexd5 exd5 {0-1 (39) Vokhidov,S (2512)-Sevian,S (2660) Chess.com INT 2020}) 13... Bg7 14. Nh5 Nxh5 15. Qxh5 Ne7 16. g4 {[%emt 0:09:21] White is more active.} Ng6 17. Bh2 (17. Bh6 $16 Bxh6 18. Qxh6) 17... f4 $36 {[%emt 0:21:44][%mdl 2048] Black has good play.} 18. Ng2 e5 19. dxe5 Bxe5 20. O-O O-O-O 21. Rad1 Qc7 22. Ne1 f6 23. Nf3 {[%emt 0:00:34] Inhibits d4.} Rhe8 24. Rfe1 Kb8 25. Qf5 Qg7 26. Kf1 Qh6 (26... Rg8 $11) 27. g5 $1 $16 Qh5 28. Qg4 Qxg4 29. hxg4 fxg5 30. Nxg5 Re7 {[%emt 0:00:32] Prevents Nf7.} 31. Rd3 h6 32. Nh3 Kc7 $2 {[%emt 0:00:32][%mdl 8192] [#]} (32... Rf7 $16 {was called for.}) 33. Bxf4 $1 Bxf4 (33... Rh8 34. Be3) 34. Rxe7+ {[%emt 0:00:05][%mdl 64] Deflection} Nxe7 35. Nxf4 $18 {[%emt 0:00:09][%mdl 4096] Endgame Strongly threatening Ne6+. KRN-KRN} Rg8 36. f3 ({Weaker is} 36. Nxd5+ Nxd5 37. Rxd5 Rxg4 $16) 36... Kc6 37. Kf2 Rf8 38. Kg3 Rg8 39. Rd1 Nf5+ 40. Kf2 Ne7 41. Rh1 Rh8 42. Rh5 d4 43. cxd4 Kd7 44. g5 Rf8 {[%emt 0:02:51] [#]} 45. gxh6 $1 Rxf4 {[%emt 0:00:38] KRN-KR} 46. h7 Ng6 {[%emt 0:00:14] [#]} 47. Rg5 $1 Rh4 48. Rxg6 {[%emt 0:00:04] And now Rg7+ would win.} Rxh7 {[%emt 0:00:04] KR-KR} 49. b3 Rh1 50. a4 {[%emt 0:02:36] Hoping for Rb6.} Rb1 $2 (50... b5 51. Rxa6 Rb1 52. axb5 Rb2+ 53. Kg3 Rxb3 54. Ra7+ Kd8) 51. Rb6 Kc7 (51... Ra1 $142 52. Rxb7+ Kc6) 52. a5 Ra1 53. b4 Rd1 54. Ke3 Re1+ 55. Kd3 Rd1+ 56. Ke4 Re1+ 57. Kd5 {[%emt 0:00:23] Threatens to win with f4.} Rf1 58. Ke4 (58. Rf6 $142 Rb1 59. Rf7+ Kb8 60. Kc5) 58... Re1+ 59. Kd5 (59. Kf4 $142 Kc8 60. Rh6) 59... Rf1 60. Rf6 Rb1 61. Rf7+ Kb8 62. Kc5 {[%emt 0:01:22] f4 is the strong threat.} Rc1+ {[%emt 0:00:31] [#]} 63. Kd6 $1 Rc4 64. d5 {[%emt 0:00:04] White wants to mate with f4.} Rxb4 65. Ke6 Rb1 66. Rf8+ Ka7 67. Rf5 b5 68. axb6+ (68. d6 $142 Kb7 69. Rf7+ Kb8 70. Rf8+ Ka7 71. d7 Re1+ 72. Kf7 Rd1 73. d8=Q) 68... Kxb6 69. Rf8 (69. f4 $142 Rh1 70. Ke7) 69... Kb7 70. d6 {[%emt 0:00:23] White mates.} Re1+ 71. Kd7 a5 72. Re8 Rh1 73. f4 a4 74. f5 Rf1 75. Re5 Kb6 76. Ke6 a3 77. Re2 Kb5 78. d7 Rd1 79. f6 Kc6 80. Rc2+ Kb7 81. f7 Re1+ 82. Kf6 Rf1+ 83. Ke7 Re1+ 84. Kd8 Rf1 85. Ra2 Rf3 {[%emt 0:02:08] [#]} 86. Rxa3 $3 Rxa3 (86... Rxf7 87. Ke8) 87. f8=Q {[%emt 0:00:04] Weighted Error Value: White=0.10 (very precise) /Black=0.30} 1-0

[Event "AUT Bundesliga 2022-23"]
[Site "Jenbach"]
[Date "2022.11.04"]
[Round "2.24"]
[White "Neyman, Igor"]
[Black "Kienboeck, Benjamin"]
[Result "1-0"]
[ECO "D02"]
[WhiteElo "2354"]
[BlackElo "2129"]
[Annotator "TA"]
[PlyCount "103"]
[EventDate "2022.11.03"]
[EventType "team-tourn"]
[EventCountry "AUT"]
[SourceTitle "playchess.com"]
[Source "ChessBase"]
[SourceQuality "1"]
[TimeControl "40/5400+30:1800+30"]

1. d4 Nf6 2. Nf3 d5 3. Bf4 e6 4. e3 c5 5. c3 Bd6 6. Bxd6 {[%emt 0:11:52] D02: 1 d4 d5 2 Nf3 sidelines, including 2...Nf6 3 g3 and 2...Nf6 3 Bf4.} Qxd6 7. Ne5 O-O 8. Bd3 {[%emt 0:03:15] The position is equal.} b6 9. Qe2 Nbd7 10. f4 Bb7 11. Nd2 Ne4 {[%emt 0:02:59] [#]} 12. Nxe4 $146 ({Predecessor:} 12. O-O f6 13. Nxd7 Qxd7 14. Rad1 Qe7 15. Qf3 Nxd2 16. Rxd2 e5 17. Qh3 e4 18. Be2 {½-½ (35) Eljanov,P (2680)-Van Foreest,J (2618) Chess.com INT 2019}) 12... dxe4 13. Bb5 Nf6 14. Qd2 cxd4 15. cxd4 Rac8 16. O-O Rc7 17. Rac1 Rfc8 18. a3 Nd5 19. Rfd1 f6 20. Ng4 Ne7 21. Nf2 Nf5 22. Nh1 (22. Be2 $15) 22... Rxc1 $2 (22... Qd5 $19 23. Be2 Qb3 24. Rxc7 Rxc7) 23. Rxc1 $11 Rxc1+ (23... Qd8 {seems wilder.} 24. Be2 Bd5 25. Nf2 Nd6) 24. Qxc1 Nxd4 25. exd4 Qxd4+ 26. Kf1 {[%emt 0:01:01] Threatens to win with Qc7.} e3 27. Be2 (27. Qc2 $11) 27... Qxf4+ $17 28. Kg1 h5 ({Black should try} 28... f5 $15) 29. Bxh5 $11 Ba6 (29... f5 $11) 30. Qe1 $1 $14 Qe5 {[%emt 0:09:45] [#]} 31. Ng3 {[%emt 0:00:43] Black is now going downhill.} Qxb2 (31... f5 $142) 32. Qxe3 $16 Qb1+ 33. Kf2 Qb2+ 34. Ne2 e5 35. Bf3 f5 (35... Kf7 $16 36. g4 Qb5) 36. Qc3 $18 Qxc3 37. Nxc3 Kf7 38. Bc6 Ke6 {[%emt 0:00:36] [#]} (38... Bd3 $142 39. Ke3 Bf1) 39. Nb5 $1 Bxb5 $2 (39... g5 40. Nxa7 Kd6) 40. Bxb5 {[%emt 0:00:00][%mdl 4096] Endgame KB-KP} Kd5 41. Bd7 Ke4 42. g3 f4 43. g4 {[%emt 0:02:38] Strongly threatening Bf5+.} Kd4 44. h4 {[%emt 0:10:40][%cal Bh2h4,Bh4h5][%mdl 32] aiming for g5.} e4 45. h5 Ke5 46. g5 {[%emt 0:00:42] Ke2 would kill now.} a6 47. h6 {[%emt 0:01:58] White mates.} gxh6 48. gxh6 Kf6 {[%emt 0:00:08] [#]} 49. Bf5 $1 e3+ 50. Kf3 b5 51. Bd3 Kf7 52. Kxf4 {[%emt 0:01:14] Weighted Error Value: White=0.13 (very precise) /Black=0.44} 1-0

[Event "AUT Bundesliga 2022-23"]
[Site "Jenbach"]
[Date "2022.11.04"]
[Round "2.25"]
[White "Dragnev, Valentin"]
[Black "Haba, Petr"]
[Result "0-1"]
[ECO "C43"]
[WhiteElo "2544"]
[BlackElo "2454"]
[Annotator "ChessBase"]
[PlyCount "48"]
[EventDate "2022.11.03"]
[EventType "team-tourn"]
[EventCountry "AUT"]
[SourceTitle "playchess.com"]
[Source "ChessBase"]
[SourceQuality "1"]
[TimeControl "40/5400+30:1800+30"]

1. e4 e5 2. Nf3 Nf6 3. d4 Nxe4 4. Bd3 Nc6 5. Nxe5 Nxe5 6. dxe5 Nc5 7. Bc4 d6 8. Qf3 Ne6 9. exd6 Bxd6 10. Be3 Bd7 11. Nc3 O-O 12. O-O-O Bc6 13. Qg4 Qf6 14. Ne4 Bxe4 15. Qxe4 Bc5 16. Kb1 Bxe3 17. Qxe3 b6 18. Rd7 Rae8 19. Rhd1 a5 20. Qg3 Nc5 21. Rxc7 Ne4 22. Qa3 Qf4 23. Rcd7 Nc5 24. Qc3 Nxd7 0-1

[Event "AUT Bundesliga 2022-23"]
[Site "Jenbach"]
[Date "2022.11.04"]
[Round "2.26"]
[White "Schwabeneder, Florian"]
[Black "Banusz, Tamas"]
[Result "0-1"]
[ECO "A07"]
[WhiteElo "2414"]
[BlackElo "2622"]
[Annotator "ChessBase"]
[PlyCount "108"]
[EventDate "2022.11.03"]
[EventType "team-tourn"]
[EventCountry "AUT"]
[SourceTitle "playchess.com"]
[Source "ChessBase"]
[SourceQuality "1"]
[TimeControl "40/5400+30:1800+30"]

1. Nf3 d5 2. g3 Bg4 3. Bg2 c6 4. O-O Nf6 5. d3 Nbd7 6. Nbd2 e5 7. e4 dxe4 8. dxe4 Bc5 9. h3 Bh5 10. a4 a5 11. Nb3 Bb6 12. Qd3 O-O 13. Re1 Re8 14. Qc3 Bxf3 15. Qxf3 Qe7 16. Bf1 h6 17. Kg2 Nf8 18. Nd2 Ne6 19. Nc4 Bc5 20. c3 Ng5 21. Bxg5 hxg5 22. Bd3 g6 23. Rad1 Kg7 24. Ne3 Rh8 25. Ng4 Ne8 26. Ne3 Nd6 27. Nc4 Rhd8 28. Nxd6 Rxd6 29. Qe2 Rad8 30. Bc2 Qc7 31. Rxd6 Rxd6 32. Rd1 Rf6 33. f3 Ba7 34. Bd3 Qb6 35. Kh1 Rd6 36. Kg2 Kf6 37. Kh1 Ke7 38. Kg2 Qc5 39. Kh1 Kf6 40. Kg2 Kg7 41. Kh1 b5 42. axb5 cxb5 43. Qc2 a4 44. g4 b4 45. cxb4 Qxb4 46. Qd2 Qd4 47. Qe2 Rb6 48. Bc4 Qc5 49. Rd5 Qc7 50. Rd1 Rb4 51. Bd3 Qb6 52. Qd2 Rxb2 53. Qxg5 Qf2 54. Qxe5+ Kh7 0-1

[Event "AUT Bundesliga 2022-23"]
[Site "Jenbach"]
[Date "2022.11.04"]
[Round "2.27"]
[White "Blohberger, Felix"]
[Black "Kilgus, Georg"]
[Result "1-0"]
[ECO "A05"]
[WhiteElo "2493"]
[BlackElo "2397"]
[Annotator "ChessBase"]
[PlyCount "83"]
[EventDate "2022.11.03"]
[EventType "team-tourn"]
[EventCountry "AUT"]
[SourceTitle "playchess.com"]
[Source "ChessBase"]
[SourceQuality "1"]
[TimeControl "40/5400+30:1800+30"]

1. Nf3 Nf6 2. c4 e6 3. b3 d5 4. Bb2 Bd6 5. g3 c5 6. cxd5 exd5 7. Bg2 d4 8. O-O Nc6 9. Na3 O-O 10. e3 Bf5 11. exd4 cxd4 12. Nc4 Bc7 13. Re1 h6 14. Nfe5 Nxe5 15. Nxe5 Re8 16. Qf3 Bc8 17. Nc4 Rxe1+ 18. Rxe1 Rb8 19. Qd3 b5 20. Ne5 Bxe5 21. Rxe5 a6 22. Qxd4 Qxd4 23. Bxd4 Bb7 24. Re7 Bxg2 25. Kxg2 Nd5 26. Rd7 Nb4 27. a3 Nc6 28. Be3 Na5 29. Rd3 f6 30. g4 Kf7 31. h4 Rb7 32. h5 Ke6 33. f4 f5 34. gxf5+ Kxf5 35. Kf3 Re7 36. Bc5 Rf7 37. Bb4 Nb7 38. Rd5+ Ke6 39. Re5+ Kd7 40. Ke4 Nd6+ 41. Bxd6 Kxd6 42. f5 1-0

[Event "AUT Bundesliga 2022-23"]
[Site "Jenbach"]
[Date "2022.11.04"]
[Round "2.28"]
[White "Singer, Christoph"]
[Black "Peyrer, Konstantin"]
[Result "1/2-1/2"]
[ECO "A80"]
[WhiteElo "2309"]
[BlackElo "2402"]
[Annotator "TA"]
[PlyCount "107"]
[EventDate "2022.11.03"]
[EventType "team-tourn"]
[EventCountry "AUT"]
[SourceTitle "playchess.com"]
[Source "ChessBase"]
[SourceQuality "1"]
[TimeControl "40/5400+30:1800+30"]

1. d4 f5 2. Nf3 Nf6 3. Bf4 g6 4. e3 Bg7 5. Bc4 e6 6. Nbd2 {[%emt 0:00:41] A80: Dutch Defence: Unusual White second moves.} d6 7. h3 Nc6 8. c3 Qe7 9. Bh2 O-O 10. O-O Kh8 11. Re1 e5 {[%emt 0:06:28] Threatens to win with ...e4.} 12. dxe5 dxe5 {[%emt 0:00:15] [#]} 13. Bb5 $146 ({Predecessor:} 13. Qc2 e4 14. Nd4 Ne5 15. Bxe5 Qxe5 16. Rad1 c5 17. Ne2 Bd7 18. Ng3 b5 19. Bf1 {½-½ (78) Bu,K (2023)-Liu,L (2189) Quebec 2018}) 13... e4 14. Bxc6 bxc6 15. Ne5 Qe6 (15... c5 $14 {deserves consideration.}) 16. Qa4 $16 Rb8 17. Ndc4 {[%emt 0:01:58] White is more active. Pair of Knights!} Rb5 18. Qxa7 Ne8 19. a4 (19. Rad1 $142) 19... Rxe5 20. Nxe5 Bxe5 21. Bxe5+ Qxe5 22. Qd4 (22. Qa8 $16 Nf6 23. a5) 22... Qxd4 $11 23. cxd4 Be6 24. Rec1 Bd5 25. b4 Nd6 26. b5 cxb5 (26... Bc4 $11) 27. Rxc7 $14 {[%emt 0:00:02] aiming for axb5.} Ra8 28. Rd7 {[%emt 0:04:24][%mdl 1024] White has strong compensation.} Ra6 {[%emt 0:00:53] [#]} 29. Rb1 $1 Be6 (29... bxa4 $2 30. Rb8+ Bg8 31. Rdd8 $18) 30. axb5 Rb6 31. Rc7 Bd5 32. Rc5 Bb7 33. Rb4 (33. Rbc1 $16) 33... Kg7 34. Rc7+ Nf7 35. Kh2 Kf6 36. Kg3 h6 37. h4 Nd6 38. Rc5 g5 39. hxg5+ hxg5 40. Rb1 Nf7 41. Rh1 Kg6 42. Ra1 Nd6 43. Rb1 f4+ 44. exf4 Nf5+ 45. Kg4 Nh6+ 46. Kg3 Nf5+ $1 47. Kg4 gxf4 48. Kxf4 Nxd4 {[%emt 0:00:21] [#] Strongly threatening ...Ne6+.} 49. Ke3 ({White should play} 49. Ke5 $16 Ne6 50. Rc2) 49... Nf5+ $11 50. Ke2 Nd4+ 51. Ke3 Ne6 (51... Nf5+ $11 52. Kf4 Ng7) 52. Re5 Rd6 {[%emt 0:00:26] Against Rd1} 53. Rxe4 Bxe4 54. Kxe4 {[%emt 0:00:09] Weighted Error Value: White=0.15 (very precise) /Black=0.14 (very precise)} 1/2-1/2

[Event "AUT Bundesliga 2022-23"]
[Site "Jenbach"]
[Date "2022.11.04"]
[Round "2.29"]
[White "Steindl, Johannes"]
[Black "Salvenmoser, Stefan"]
[Result "0-1"]
[ECO "B99"]
[WhiteElo "2315"]
[BlackElo "2295"]
[Annotator "TA"]
[PlyCount "104"]
[EventDate "2022.11.03"]
[EventType "team-tourn"]
[EventCountry "AUT"]
[SourceTitle "playchess.com"]
[Source "ChessBase"]
[SourceQuality "1"]
[TimeControl "40/5400+30:1800+30"]

1. e4 c5 2. Nf3 d6 3. d4 cxd4 4. Nxd4 Nf6 5. Nc3 a6 6. Bg5 e6 7. f4 Be7 8. Qf3 Qc7 9. O-O-O Nbd7 10. g4 h6 11. Bxf6 Bxf6 12. h4 Nb6 $1 {[%emt 0:00:05][%mdl 4] outshines the older 12...Qb6. B99: Sicilian Najdorf: 6 Bg5 e6 7 f4 Be7 8 Qf3 Qc7 9 0-0-0 Nbd7.} 13. g5 Bxd4 14. Rxd4 Qc5 {[%emt 0:00:06] White is slightly better.} 15. Rd1 Bd7 {[%emt 0:01:18] [#]} 16. Be2 $146 ({Predecessor:} 16. Bd3 O-O-O 17. Rhg1 Bc6 18. gxh6 gxh6 19. Rg7 Rd7 20. f5 Qe5 21. Rdg1 Qf6 22. Qe3 {½-½ (37) Vykouk,J (2445)-Michalik,P (2592) Skalica 2021}) 16... O-O-O 17. Rhg1 g6 18. a3 Na4 19. Rg3 Kb8 20. Qe3 Qxe3+ (20... hxg5 {with more complications.} 21. Qxc5 Nxc5 22. Rxg5 Bc6) 21. Rxe3 hxg5 22. hxg5 Nxc3 23. Rxc3 Rh2 24. Bc4 Bc6 25. f5 (25. Bxa6 $5 Bxe4 26. Rd4 $15) 25... Bxe4 26. fxe6 fxe6 27. Bxe6 d5 28. Rd2 Rh1+ 29. Rd1 Rxd1+ 30. Kxd1 $11 {[%emt 0:00:03][%mdl 4096] Endgame KRB-KRB} Rh8 31. Kd2 Rh5 32. Rc8+ Ka7 33. Ke3 Rxg5 34. Kf4 {[%emt 0:06:02] Inhibits Re5.} (34. Kd4 $5 ) 34... Rh5 35. c4 Bh1 36. c5 d4 37. b4 $1 Bd5 38. Bxd5 (38. Bd7 $11) 38... Rxd5 {[%emt 0:00:05] KR-KR} 39. Rh8 $2 {[%emt 0:00:48][%mdl 8192] Now White is beyond hope.} ({Not} 39. Ke4 $2 {[#]} d3 $1 40. Kxd5 d2 $19) (39. c6 $15) 39... d3 $19 {[%emt 0:00:30] Black is clearly winning.} 40. Rh1 d2 41. Rd1 Kb8 {[%emt 0:04:04] [#] Threatens to win with ...Kc7.} 42. Ke4 Rd8 {[%emt 0:00:12] ...Kc7 is the strong threat.} 43. a4 Kc7 {[%emt 0:03:41] aiming for ...Kc6.} 44. b5 axb5 45. axb5 g5 46. Ke5 (46. Ke3 $142 Rd5 47. Rxd2 Rxc5 48. Rh2) 46... b6 47. c6 Rd3 48. Kf6 g4 49. Kf5 Rd4 {[%emt 0:00:08] ( -> ...g3)} 50. Ke5 Rb4 51. Rxd2 Rxb5+ 52. Ke6 g3 {[%emt 0:03:26] Weighted Error Value: White=0.54/Black=0.04 (flawless)} 0-1

[Event "AUT Bundesliga 2022-23"]
[Site "Jenbach"]
[Date "2022.11.04"]
[Round "2.30"]
[White "Lentrodt, Thomas"]
[Black "Huber, Benedikt"]
[Result "1/2-1/2"]
[ECO "D37"]
[WhiteElo "2252"]
[BlackElo "2299"]
[Annotator "TA"]
[PlyCount "67"]
[EventDate "2022.11.03"]
[EventType "team-tourn"]
[EventCountry "AUT"]
[SourceTitle "playchess.com"]
[Source "ChessBase"]
[SourceQuality "1"]
[TimeControl "40/5400+30:1800+30"]

1. d4 d5 2. Nf3 Nf6 3. c4 e6 4. Nc3 dxc4 5. e3 a6 6. Bxc4 b5 7. Be2 c5 8. O-O Bb7 9. dxc5 Bxc5 10. Qxd8+ Kxd8 11. a3 Ke7 12. b4 Bd6 13. Bb2 Rc8 {[%emt 0:07:11] D27: Queen's Gambit Accepted: Classical main line: 7 e4!? and 7 a4.} 14. Rac1 Nbd7 15. Nd4 Nb6 16. Nb3 Rab8 17. Na5 Ba8 {[%emt 0:01:01] [#]} 18. Nb1 $146 ({Predecessor:} 18. Rfd1 Rc7 19. Bf1 Rbc8 20. Ne2 Na4 21. Ba1 e5 22. Rxc7+ Rxc7 23. Rc1 Ne4 24. f3 {½-½ (67) Sazci,B (1769)-Badelka,O (2440) Chess.com INT 2021}) 18... Nfd7 19. Nd2 Be5 20. Bd4 Bxd4 21. exd4 Bd5 22. Ndb3 Bxb3 23. Nxb3 {[%emt 0:00:13] The position is equal.} Nf6 24. Nc5 Ra8 25. Rfd1 Nfd5 26. g3 a5 27. Bxb5 axb4 28. axb4 Nxb4 {[%emt 0:00:05] Pair of Knights!} 29. Rb1 N4d5 {[%emt 0:00:19] [#] White must now prevent ...Nc3.} 30. Rb3 {[%emt 0:01:15] Prevents Nc3.} Ra2 31. Rdb1 Rc7 32. Bd3 Nd7 33. Rb7 Ra7 34. Rxa7 {[%emt 0:01:22] An even fight not without its subleties.  Weighted Error Value: White=0.07 (flawless) /Black=0.05 (flawless)} ({Reject} 34. Bxh7 g6 35. Rxa7 Rxa7 $17) 1/2-1/2

[Event "AUT Bundesliga 2022-23"]
[Site "Jenbach"]
[Date "2022.11.04"]
[Round "2.31"]
[White "Prusikin, Michael"]
[Black "Baumegger, Siegfried"]
[Result "0-1"]
[ECO "E42"]
[WhiteElo "2517"]
[BlackElo "2441"]
[Annotator "ChessBase"]
[PlyCount "38"]
[EventDate "2022.11.03"]
[EventType "team-tourn"]
[EventCountry "AUT"]
[SourceTitle "playchess.com"]
[Source "ChessBase"]
[SourceQuality "1"]
[TimeControl "40/5400+30:1800+30"]

1. d4 Nf6 2. c4 e6 3. Nc3 Bb4 4. e3 c5 5. Nge2 d5 6. a3 Bxc3+ 7. Nxc3 cxd4 8. exd4 dxc4 9. Bxc4 O-O 10. O-O Nc6 11. Be3 h6 12. Ba2 Ne7 13. Qf3 Ned5 14. Qg3 Nxc3 15. bxc3 Ne4 16. Qf3 Nxc3 17. Bxh6 Nxa2 18. Qg3 Qf6 19. Bg5 Nc3 0-1

[Event "AUT Bundesliga 2022-23"]
[Site "Jenbach"]
[Date "2022.11.04"]
[Round "2.32"]
[White "Sadilek, Maximilian"]
[Black "Berchtenbreiter, Maximilian"]
[Result "0-1"]
[ECO "B06"]
[WhiteElo "2260"]
[BlackElo "2509"]
[Annotator "ChessBase"]
[PlyCount "44"]
[EventDate "2022.11.03"]
[EventType "team-tourn"]
[EventCountry "AUT"]
[SourceTitle "playchess.com"]
[Source "ChessBase"]
[SourceQuality "1"]
[TimeControl "40/5400+30:1800+30"]

1. e4 g6 2. d4 c6 3. Nc3 d5 4. Be3 dxe4 5. Nxe4 Nf6 6. Nxf6+ exf6 7. Nf3 Bg7 8. Qd2 O-O 9. Be2 Re8 10. O-O Nd7 11. Rfe1 Nb6 12. Bh6 Bxh6 13. Qxh6 Be6 14. b3 a5 15. c4 a4 16. Rad1 Bf5 17. Nh4 Bc2 18. Rc1 axb3 19. axb3 Bxb3 20. Bd3 Rxe1+ 21. Rxe1 Bxc4 22. Bc2 Qf8 0-1